 Dungeon Crawl Stone Soup version 0.26-a0-21-gf97e55dc39 (webtiles) character file.

Game seed: 10488377461781809557, levelgen mode: deterministic

658 Essalna the Chiller (level 7, -2/40 HPs)
             Began as a Deep Elf Ice Elementalist on May 26, 2020.
             Killed from afar by an orc wizard (8 damage)
             ... with a magic dart
             ... on level 5 of the Dungeon.
             The game lasted 00:15:13 (4983 turns).

Essalna the Chiller (Deep Elf Ice Elementalist)     Turns: 4983, Time: 00:15:14

Health: -2/40      AC:  3    Str:  5    XL:     7   Next: 30%
Magic:  10/16      EV: 18    Int: 28    God:
Gold:   162        SH:  0    Dex: 15    Spells: 8/16 levels left

rFire    + + .     SeeInvis .   t - +4 dagger "Beari" {holy, rF++ rC- MR+}
rCold    x . .     Gourm    .   (no shield)
rNeg     . . .     Faith    .   a - +0 robe
rPois    .         Spirit   .   p - +0 helmet
rElec    .         Reflect  .   (no cloak)
rCorr    .         Harm     .   (no gloves)
MR       +....                  (no boots)
Stlth    ++........             (no amulet)
HPRegen  0.13/turn              s - +4 ring of evasion
MPRegen  0.15/turn              n - +6 ring of intelligence

@: frozen ramparts, hasted, very quick
A: no striking features
a: no special abilities


You were on level 5 of the Dungeon.
You were not hungry.

You visited 1 branch of the dungeon, and saw 5 of its levels.

You collected 162 gold pieces.

Inventory:

Hand Weapons
 o - a +3 vorpal trident
 t - the +4 dagger "Beari" (weapon) {holy, rF++ rC- MR+}
   (You found it on level 4 of the Dungeon)

   It has been blessed by the Shining One to cause great damage to the undead
   and demons.
   It greatly protects you from fire.
   It makes you vulnerable to cold.
   It affects your resistance to hostile enchantments.
Armour
 a - a +0 robe (worn)
 p - a +0 helmet (worn)
Magical Staves
 w - an uncursed staff of energy
Jewellery
 n - a +6 ring of intelligence (right hand)
 s - a +4 ring of evasion (left hand)
Wands
 q - a wand of polymorph (9)
Scrolls
 j - a scroll of fear
 k - 2 scrolls of identify
 m - a scroll of enchant weapon
 r - a scroll of blinking
 v - a scroll of enchant armour {unknown}
Potions
 e - a potion of invisibility {unknown}
 f - a potion of ambrosia {unknown}
 g - 2 potions of curing {unknown}
 h - a potion of degeneration {unknown}
 i - a potion of heal wounds {unknown}
 l - a potion of might {unknown}
 u - 2 potions of lignification {unknown}
Comestibles
 c - 8 rations
 d - a chunk of flesh


   Skills:
 + Level 2.5 Fighting
 + Level 2.4 Armour
 + Level 4.5 Dodging
 - Level 2.4 Stealth
 + Level 5.2 Spellcasting
 + Level 2.6 Conjurations
 + Level 5.7 Ice Magic


You had 8 spell levels left.
You knew the following spells:

 Your Spells              Type           Power        Failure   Level  Hunger
a - Freeze                Ice            ####         1%          1    None
b - Frozen Ramparts       Ice            #####.       1%          3    #......
c - Hailstorm             Conj/Ice       ####....     12%         4    ###....

Your spell library contained the following spells:

 Spells                   Type           Power        Failure   Level  Hunger
 Ozocubu's Armour         Chrm/Ice       ###.....     6%          3    #......
 Summon Ice Beast         Ice/Summ       ###.....     21%         4    ###....


Dungeon Overview and Level Annotations

Branches:
Dungeon (5/15)
 Temple: D:4-7

Altars:
Kikubaaqudgha
Makhleb
Okawaru
Ru
Sif Muna
The Shining One

Shops:
D:5 !


Message History

You freeze the hound!
The hound is severely wounded.
An orc priest comes into view. It is wielding a +0 flail.
The wall freezes the hound.
The hound closely misses you.
Casting: Freeze (safe; 1% risk of failure)
Confirm with . or Enter, or press ? or * to list all spells.
Aiming: Freeze (safe; 1% risk of failure)
Press: ? - help, Shift-Dir - straight line, f/p - hound
Aim: a hound (almost dead)
You freeze the hound!
You kill the hound!
The orc priest shouts!
You hear a shout!
An orc warrior and an orc priest come into view.
The orc priest moves out of view.
An orc comes into view. It is wielding a +0 dagger.
There is a stone staircase leading up here.
The orc warrior shouts!
The orc wizard shouts!
The orc wizard gestures at you while chanting.
The magic dart hits you!
You die...

#. #...........
..##...........
..............
............# .
#...........#####..
#..................
#..................
#............
#....#+#.@.$.....
..o.... +.........
.....## #.........
..... .o......#.
o... .........# ...
#.......)... ...
#..8..∩..8..
o....o......


You could see an orc warrior, an orc wizard and an orc.

Vanquished Creatures
  2 scorpions (D:4)
  3 orc wizards (D:4)
  2 hounds
  A centaur skeleton (D:4)
  An orc priest (D:4)
  A jelly (D:3)
  3 worker ants (D:4)
  Robin (D:2)
  4 adders
  7 gnolls
  An adder skeleton (D:4)
  7 worms
  3 dart slugs
  4 leopard geckos
  9 orcs (D:4)
  3 giant cockroaches
  15 hobgoblins
  4 jackals (D:3)
  10 kobolds
  2 quokkas
  A ball python (D:4)
  5 bats
  4 frilled lizards
  15 goblins
  A jackal skeleton (D:4)
  6 rats
115 creatures vanquished.

Notes
Turn   | Place    | Note
-------+----------+-------------------------------------------
     0 | D:1      | Essalna the Deep Elf Ice Elementalist began the quest for
                  | the Orb.
     0 | D:1      | Reached XP level 1. HP: 10/10 MP: 6/6
   254 | D:1      | Reached XP level 2. HP: 12/15 MP: 8/8
  1007 | D:1      | Reached XP level 3. HP: 15/20 MP: 6/9
  1425 | D:2      | Reached skill level 1 in Fighting
  1425 | D:2      | Reached skill level 1 in Armour
  1868 | D:2      | Noticed Robin
  1882 | D:2      | Learned a level 3 spell: Frozen Ramparts
  1901 | D:2      | Reached XP level 4. HP: 25/25 MP: 5/11
  1903 | D:2      | Killed Robin
  2003 | D:2      | Found an iron altar of Okawaru.
  2549 | D:2      | Learned a level 4 spell: Hailstorm
  2750 | D:3      | Found a glowing golden altar of the Shining One.
  2826 | D:3      | Reached skill level 5 in Ice Magic
  2826 | D:3      | Reached XP level 5. HP: 29/29 MP: 5/13
  2920 | D:3      | Found an ancient bone altar of Kikubaaqudgha.
  3291 | D:3      | Reached skill level 1 in Conjurations
  3917 | D:4      | Reached XP level 6. HP: 18/35 MP: 7/14
  4349 | D:4      | Found a burning altar of Makhleb.
  4377 | D:4      | Got a pitted dagger
  4486 | D:4      | Found a shimmering blue altar of Sif Muna.
  4488 | D:4      | Found a sacrificial altar of Ru.
  4512 | D:4      | Reached skill level 5 in Spellcasting
  4532 | D:4      | Reached XP level 7. HP: 20/40 MP: 12/16
  4554 | D:4      | Identified the +4 dagger "Beari" {holy, rF++ rC- MR+} (You
                  | found it on level 4 of the Dungeon)
  4960 | D:5      | Entered Level 5 of the Dungeon
  4960 | D:5      | Found Kelof's Distillery.
  4983 | D:5      | Killed from afar by an orc wizard

Illustrated notes

Levels and vault maps discovered:
D:1:      dpeg_arrival_boxes_within_box, layout_loops_ring
D:2:      layout_loops_corners, serial_bayou, serial_bayou_shore_b,
          serial_bayou_ford_a, serial_bayou_crossing, serial_bayou_pond_b,
          kennysheep_okawaru_gauntlet, uniq_robin
D:3:      layout_loops_cross, old_standard_altar,
          lemuel_zombie_altar_kikubaaqudgha
D:4:      layout_cave_pools, old_standard_altar, grunt_temple_overflow_open,
          bloody_makhleb, nemelex_xobeh_ov_fountains_minmay, first_ration,
          serial_column_ruins, column_ruins_columns_corner,
          column_ruins_open_tiny, column_ruins_open_small, column_ruins_grid_1,
          column_ruins_grid_1, minmay_checkerbox
D:5:      layout_basic, lemuel_doored_altar, serial_shops,
          nicolae_shop_behind_doors, kennysheep_mini, shop_statue,
          shop_fountains, nicolae_shop_crystal, gammafunk_ghost_nasty_kobolds

Skill      XL: |  1  2  3  4  5  6 |
---------------+-------------------+-----
Dodging        | 3 4 |  4.5
Fighting       | 1 2 |  2.5
Armour         | 1 2 |  2.4
Spellcasting   | 4 5 |  5.2
Ice Magic      | 5 |  5.7
Conjurations   | 1 2 |  2.6
Stealth        | |  2.4

Action                   |  1- 3 |  4- 6 |  7- 9 || total
-------------------------+-------+-------+-------++-------
Melee: Dagger            |    12 |    18 |     8 ||    38
       Trident           |       |    21 |     1 ||    22
 Cast: Freeze            |    43 |    44 |    10 ||    97
       Frozen Ramparts   |     2 |    23 |     2 ||    27
  Use: Scroll            |       |     6 |       ||     6
       Potion            |       |       |     1 ||     1
 Stab: Sleeping          |     1 |       |     1 ||     2
  Eat: Chunk             |     3 |     9 |     2 ||    14
Armor: Robe              |     4 |    10 |       ||    14
Dodge: Dodged            |    21 |    74 |     9 ||   104

Table legend:
 A = Non-vault XP
 B = Vault XP
 C = Vault XP percentage of total XP
 D = Non-vault monster count
 E = Vault monster count
 F = Vault count percentage of total count
                 A         B        C        D         E       F
            +---------+---------+-------+---------+---------+-------
      Total |     822 |     119 |  12.6 |      98 |      17 |  14.8
            +---------+---------+-------+---------+---------+-------
        D:1 |      41 |       0 |   0.0 |      24 |       0 |   0.0
        D:2 |      52 |      39 |  42.9 |      11 |      14 |  56.0
        D:3 |     157 |       0 |   0.0 |      32 |       0 |   0.0
        D:4 |     516 |      80 |  13.4 |      29 |       3 |   9.4
        D:5 |      56 |       0 |   0.0 |       2 |       0 |   0.0
            +---------+---------+-------+---------+---------+-------
